 Dungeon Crawl Stone Soup version 0.17-a0-1927-g319369b (webtiles) character file.

21 Herrn the Caller (level 2, 19/22 HPs)
             Began as a Naga Summoner on Sept 29, 2015.
             Quit the game on level 1 of the Dungeon.
             The game lasted 00:06:04 (1001 turns).

Herrn the Caller (Naga Summoner)                    Turns: 1001, Time: 00:06:04

Health: 19/22      AC:  2    Str: 10    XL:     2   Next: 87%
Magic:  0/5        EV: 10    Int: 13    God:
Gold:   30         SH:  0    Dex: 11    Spells: 1 memorised, 4 levels left

rFire  . . .     SeeInvis +     (no weapon)
rCold  . . .     Clarity  .     a - +0 robe
rNeg   . . .     SustAt   .     (no shield)
rPois  +         Gourm    .     (no helmet)
rElec  .         Spirit   .     l - +0 cloak
rCorr  .         Warding  .     (no gloves)
rMut   .         Stasis   .     (no barding)
MR     .....                    (no amulet)
Stlth  ++........               (no ring)
                                j - -2 ring of intelligence (curse)

@: very slightly contaminated, very slow, not resistant to hostile enchantments,
unstealthy
A: see invisible, deformed body, poison resistance, slowness 2, slow metabolism
1, spit poison 2, AC +0
a: Spit Poison


You were on level 1 of the Dungeon.
You were hungry.

You visited 1 branch of the dungeon, and saw 1 of its levels.

You collected 30 gold pieces.

Inventory:

Armour
 a - a +0 robe (worn)
 l - a +0 cloak (worn)
Jewellery
 j - a cursed -2 ring of intelligence (left hand)
Scrolls
 e - a scroll of teleportation {unknown}
 k - a scroll of fear {unknown}
Potions
 d - a potion of heal wounds {unknown}
 g - a potion of curing {unknown}
 i - a potion of agility {unknown}
Books
 b - a book of Callings

   Spells                             Type                      Level
   a - Summon Small Mammal            Summoning                    1
   b - Call Imp                       Summoning                    2
   c - Call Canine Familiar           Summoning                    3
   d - Summon Guardian Golem          Hexes/Summoning              3
   e - Summon Lightning Spire         Summoning/Air                4
   f - Summon Ice Beast               Ice/Summoning                4
Comestibles
 c - 2 bread rations
 f - a royal jelly
 h - a meat ration


   Skills:
 + Level 2.0 Dodging
 - Level 3.1 Stealth
 - Level 0.2 Unarmed Combat
 + Level 2.2 Spellcasting
 + Level 4.2 Summonings


You had 4 spell levels left.
You knew the following spells:

 Your Spells              Type           Power        Failure   Level  Hunger
a - Summon Small Mammal   Summ           ##..         6%          1    ##.....


Dungeon Overview and Level Annotations

Branches:
Dungeon (1/15)

Altars:


Innate Abilities, Weirdness & Mutations

You cannot wear boots.
Your serpentine skin is tough (AC +0).
You have supernaturally acute eyesight.
Armour fits poorly on your strangely shaped body.
Your system is resistant to poisons.
You cover ground very slowly.
You have a slow metabolism.
You can spit poison.


Message History

You closely miss the kobold.
The kobold is severely wounded.
Your bat barely misses the kobold.
Your bat hits the kobold but does no damage.
Your bat hits the kobold. The kobold hits you but does no damage.
Your rat misses the kobold.
Your rat barely misses the kobold.
Unknown command.
You hit the kobold.
You kill the kobold!
Your bat hits the rat.
Your bat closely misses the rat.
Your bat barely misses the rat.
Unknown command.
You swap places.
Your bat hits the rat but does no damage. x3
The rat misses you. The rat bites you.
Things that are here:
a short sword; a kobold corpse A rat is nearby!
Unknown command.
Are you sure you want to abandon this character and quit the game? (Confirm with "yes".)

#.........#.#
#.........#.#
#...##.##.#.#
##..........##
#...........#
####.#####.####
...........#
......rrb..#
.......@rb.#
...........#
....>.....##
.....?....#
..........#
..........#
####
..........#
r..#
..........#
##.#


You could see a rat, 2 friendly bats and 2 friendly rats.

Vanquished Creatures
  A giant cockroach (D:1)
  A hobgoblin (D:1)
  A kobold (D:1)
  A goblin (D:1)
4 creatures vanquished.

Vanquished Creatures (collateral kills)
  A gnoll (D:1)
  A giant gecko (D:1)
  3 bats (D:1)
  2 giant cockroaches (D:1)
  2 goblins (D:1)
  A hobgoblin (D:1)
  4 kobolds (D:1)
  A giant newt (D:1)
  A rat (D:1)
16 creatures vanquished.

Grand Total: 20 creatures vanquished

Notes
Turn   | Place    | Note
--------------------------------------------------------------
     0 | D:1      | Herrn the Naga Summoner began the quest for the Orb.
     0 | D:1      | Reached XP level 1. HP: 15/15 MP: 3/3
   238 | D:1      | Reached XP level 2. HP: 11/22 MP: 0/5
  1001 | D:1      | Quit the game

Vault maps used:
D:1:      minmay_arrival_nine_rooms, hex_intersection

Action                   || total
-------------------------++-------
Melee: Unarmed           ||    20
 Cast: Summon Small Mamm ||    41
 Abil: Spit Poison       ||     7
